 Dungeon Crawl Stone Soup version 0.27-a0-1500-g450c7e4133 (webtiles) character file.

Game seed: 17452750167241363454

216 hatdisgam the Stinger (level 5, -1/57 HPs)
             Began as a Gnoll Venom Mage on July 7, 2021.
             Was a Follower of Kikubaaqudgha.
             Slain by a river rat (3 damage)
             ... summoned by Eustachio
             ... on level 4 of the Dungeon.
             The game lasted 00:03:48 (2721 turns).

hatdisgam the Stinger (Gnoll Venom Mage)            Turns: 2721, Time: 00:03:49

Health: -1/57      AC: 22    Str:  7    XL:     5   Next: 93%
Magic:  5/12       EV:  2    Int: 16    God:    Kikubaaqudgha [*.....]
Gold:   156        SH:  7    Dex: 12    Spells: 11/14 levels left

rFire    . . .     SeeInvis .   i - +1 dagger (venom)
rCold    . . .     Faith    .   h - +0 kite shield
rNeg     + + +     Spirit   .   (armour currently unavailable)
rPois    +         Reflect  .   (helmet currently unavailable)
rElec    .         Harm     .   (cloak currently unavailable)
rCorr    .         Rampage  .   (gloves currently unavailable)
Will     .....     NoTele   +   (boots currently unavailable)
Stlth    +++.......             (no amulet)
HPRegen  0.19/turn              (no ring)
MPRegen  0.13/turn              (no ring)

@: tree-form
A: stationary, stasis, torment immunity, boosted hp, (fangs 1), strong nose,
distributed training
a: Renounce Religion, Receive Corpses


You were on level 4 of the Dungeon.
You worshipped Kikubaaqudgha.
Kikubaaqudgha was aware of your devotion.
You were a tree.
You visited 1 branch of the dungeon, and saw 4 of its levels.

You collected 156 gold pieces.

Inventory:

Hand Weapons
 b - a +0 dagger
 i - a +1 dagger of venom (weapon)
Missiles
 l - 128 stones
 p - 6 poisoned darts
 q - 18 sling bullets
 t - 48 arrows
Armour
 a - a +0 robe
 h - a +0 kite shield (worn)
 m - a +0 robe of cold resistance (melded)
Jewellery
 j - a ring of poison resistance
Scrolls
 c - 2 scrolls of fear {unknown}
 e - a scroll of magic mapping {unknown}
 f - a scroll of amnesia {unknown}
 g - a scroll of enchant armour {unknown}
 k - 2 scrolls of teleportation {unknown}
 o - 2 scrolls of identify {unknown}
 r - a scroll of blinking {unknown}
 s - a scroll of noise {unknown}


   Skills:
 + Level 1.7 Fighting
 + Level 1.7 Short Blades
 + Level 1.7 Long Blades
 + Level 1.7 Axes
 + Level 1.7 Maces & Flails
 + Level 1.7 Polearms
 + Level 1.7 Staves
 + Level 1.7 Slings
 + Level 1.7 Bows
 + Level 1.7 Crossbows
 + Level 1.7 Throwing
 + Level 1.7 Armour
 + Level 4.9 Dodging
 + Level 4.5 Stealth
 + Level 1.7 Shields
 + Level 1.7 Unarmed Combat
 + Level 5.2 Spellcasting
 + Level 1.3 Conjurations
 + Level 1.3 Hexes
 + Level 1.3 Summonings
 + Level 1.3 Necromancy
 + Level 1.3 Translocations
 + Level 2.5 Transmutations
 + Level 1.3 Fire Magic
 + Level 1.3 Ice Magic
 + Level 1.3 Air Magic
 + Level 1.3 Earth Magic
 + Level 5.6 Poison Magic
 + Level 1.9 Invocations
 + Level 1.7 Evocations


You had 11 spell levels left.
You knew the following spells:

 Your Spells              Type           Power      Damage    Failure   Level
a - Sting                 Tmut/Pois      68%        1d6       16%         1
b - Poisonous Vapours     Pois/Air       30%        N/A       30%         2

Your spell library contained the following spells:

 Spells                   Type           Power      Damage    Failure   Level
 Beastly Appendage        Tmut           24%        N/A       28%         1
 Wereblood                Tmut           12%        N/A       41%         2
 Animate Skeleton         Necr           16%        N/A       43%         1
 Corona                   Hex            8%         N/A       43%         1
 Pain                     Necr           32%        1d5       43%         1
 Spider Form              Tmut/Pois      8%         N/A       43%         3
 Ensorcelled Hibernation  Hex/Ice        16%        N/A       56%         2
 Sublimation of Blood     Necr           4%         N/A       56%         2
 Mephitic Cloud           Conj/Pois/Air  13%        N/A       61%         3
 Olgreb's Toxic Radiance  Pois           22%        N/A       63%         4
 Frozen Ramparts          Ice            16%        1d3       80%         3
 Portal Projectile        Hex/Tloc       16%        N/A       80%         3
 Vampiric Draining        Necr           4%         2d6       80%         3
 Ice Form                 Ice/Tmut       10%        N/A       98%         4
 Summon Ice Beast         Ice/Summ       8%         N/A       99%         4
 Blade Hands              Tmut           6%         N/A       100%        5
 Excruciating Wounds      Necr           4%         N/A       100%        5
 Summon Mana Viper        Hex/Summ       8%         N/A       100%        5
 Invisibility             Hex            4%         N/A       100%        6


Dungeon Overview and Level Annotations

Branches:
Dungeon (4/15)
 Temple: D:4-7

Altars:
Gozag
Kikubaaqudgha

Annotations:
D:4 Eustachio


Innate Abilities, Weirdness & Mutations

You are a tree.
Your roots penetrate the ground, keeping you stationary.
You cannot be teleported.
You are immune to unholy pain and torment.
Your maximum health is greatly increased.
Your equipment is partially melded.
((You have very sharp teeth.))
Your uncanny sense of smell can sniff out nearby items.
Your experience applies equally to all skills.


Message History

Eustachio looks as sick as possible!
Eustachio is moderately wounded.
The rat barely misses you. Eustachio hits you with a +0 falchion!
* * * LOW HITPOINT WARNING * * *
You block the river rat's attack. The quokka barely misses you.
Unknown command.
It was a potion of lignification.
You turn into a tree.
Your +0 robe of cold resistance melds into your body.
You feel less resistant to cold.
Your roots penetrate the ground.
The rat bites you but does no damage.
Eustachio mumbles some strange words.
Eustachio blinks!
The river rat bites you but does no damage.
The quokka bites you but does no damage.
Your shield prevents you from hitting the river rat.
The quokka bites you but does no damage.
The rat bites you but does no damage.
The river rat bites you but does no damage.
Casting: Sting (safe; 16% risk of failure)
Confirm with . or Enter, or press ? or * to list all spells.
Aiming: Sting (safe; 16% risk of failure)
Press: ? - help, Shift-Dir - straight line, f - river rat
Aim: a river rat (summoned, 71% to hit)
The sting hits the river rat.
The river rat is poisoned.
The river rat is lightly wounded.
The quokka bites you but does no damage.
The rat bites you but does no damage.
The river rat bites you but does no damage.
The quokka bites you but does no damage.
Unknown command.
Casting: Sting (safe; 16% risk of failure)
Confirm with . or Enter, or press ? or * to list all spells.
Aiming: Sting (safe; 16% risk of failure)
Press: ? - help, Shift-Dir - straight line, f/p - river rat
Aim: a river rat (lightly wounded, summoned, poisoned, 71% to hit)
The sting hits the river rat.
The river rat looks even sicker.
The river rat is heavily wounded.
The rat bites you but does no damage. The river rat bites you.
You die...
Kikubaaqudgha rasps: "You have failed me!
Welcome... death!"

.. #. #. #.
#.####### .
##..PP...#..
#.###.r....P....
#.....r♣r...P...
#..####P..P.PP..
#...≈≈..P.
##.♣≈≈≈≈.....
##@♣≈♣≈≈≈≈.......
#. #.....≈≈♣≈P.....
#..##.....♣≈≈......
##.....♣...≈≈≈....#
#.........P.≈♣.#..#


You could see Eustachio (extremely poisoned), a river rat (summoned, very
poisoned), a quokka (summoned) and a rat (summoned).

Vanquished Creatures
  Sigmund (D:2)
  An adder (D:2)
  A dart slug (D:1)
  2 bats
  2 endoplasms (D:1)
  4 giant cockroaches
  2 goblins
  6 hobgoblins
  4 jackals (D:3)
  A quokka (D:2)
  3 ball pythons (D:1)
  3 frilled lizards
  7 kobolds
  6 rats
43 creatures vanquished.

Vanquished Creatures (others)
  A plant (D:4)
1 creature vanquished.

Grand Total: 44 creatures vanquished

Notes
Turn   | Place    | Note
-------+----------+-------------------------------------------
     0 | D:1      | hatdisgam the Gnoll Venom Mage began the quest for the Orb.
     0 | D:1      | Reached XP level 1. HP: 13/13 MP: 6/6
   138 | D:1      | Reached XP level 2. HP: 15/19 MP: 7/7
   973 | D:2      | Reached XP level 3. HP: 25/25 MP: 9/9
  1072 | D:2      | Reached skill level 5 in Spellcasting
  1366 | D:2      | Reached skill level 1 in Invocations
  1580 | D:2      | Noticed Sigmund
  1587 | D:2      | Killed Sigmund
  1588 | D:2      | Reached skill level 1 in Fighting
  1588 | D:2      | Reached skill level 1 in Short Blades
  1588 | D:2      | Reached skill level 1 in Long Blades
  1588 | D:2      | Reached skill level 1 in Axes
  1588 | D:2      | Reached skill level 1 in Maces & Flails
  1588 | D:2      | Reached skill level 1 in Polearms
  1588 | D:2      | Reached skill level 1 in Staves
  1588 | D:2      | Reached skill level 1 in Slings
  1588 | D:2      | Reached skill level 1 in Bows
  1588 | D:2      | Reached skill level 1 in Crossbows
  1588 | D:2      | Reached skill level 1 in Throwing
  1588 | D:2      | Reached skill level 1 in Armour
  1588 | D:2      | Reached skill level 1 in Shields
  1588 | D:2      | Reached skill level 1 in Unarmed Combat
  1588 | D:2      | Reached skill level 1 in Conjurations
  1588 | D:2      | Reached skill level 1 in Hexes
  1588 | D:2      | Reached skill level 1 in Summonings
  1588 | D:2      | Reached skill level 1 in Necromancy
  1588 | D:2      | Reached skill level 1 in Translocations
  1588 | D:2      | Reached skill level 1 in Fire Magic
  1588 | D:2      | Reached skill level 1 in Ice Magic
  1588 | D:2      | Reached skill level 1 in Air Magic
  1588 | D:2      | Reached skill level 1 in Earth Magic
  1588 | D:2      | Reached skill level 1 in Evocations
  1588 | D:2      | Reached XP level 4. HP: 32/32 MP: 6/11
  1588 | D:2      | Reached XP level 5. HP: 37/37 MP: 6/12
  1603 | D:2      | Learned a level 2 spell: Poisonous Vapours
  2041 | D:2      | Got Nelaefoz's Almanac of Enchanting Summoning
  2291 | D:3      | Found an opulent altar of Gozag.
  2402 | D:3      | Found a faded altar of an unknown god.
  2423 | D:3      | Became a worshipper of Kikubaaqudgha
  2423 | D:3      | Reached * piety under Kikubaaqudgha
  2423 | D:3      | Received a gift from Kikubaaqudgha
  2514 | D:3      | Noticed an ice beast
  2703 | D:4      | Noticed Eustachio
  2717 | D:4      | HP: 1/38 [Eustachio (7)]
  2721 | D:4      | Slain by a river rat

Illustrated notes

Levels and vault maps discovered:
D:1:      dpeg_arrival_orchard, layout_rooms, dk_noncrumbling_3
D:2:      layout_basic, uniq_sigmund
D:3:      layout_basic, grunt_gozag_statues, ebering_ecumenical_altar_rust,
          uniq_natasha
D:4:      layout_layer_cave, mainiacjoe_overflow_brackets, serial_bayou_pond_a,
          chequers_serial_rivers_micro_d, grunt_decor_resistance,
          uniq_eustachio, uniq_edmund

Skill      XL: |  1  2  3 |
---------------+----------+-----
Transmutations | 2 |  2.5
Spellcasting   | 5 |  5.2
Invocations    | 1 |  1.9
Fighting       | 1 |  1.7
Short Blades   | 1 |  1.7
Long Blades    | 1 |  1.7
Axes           | 1 |  1.7
Maces & Flails | 1 |  1.7
Polearms       | 1 |  1.7
Staves         | 1 |  1.7
Slings         | 1 |  1.7
Bows           | 1 |  1.7
Crossbows      | 1 |  1.7
Throwing       | 1 |  1.7
Armour         | 1 |  1.7
Shields        | 1 |  1.7
Unarmed Combat | 1 |  1.7
Conjurations   | 1 |  1.3
Hexes          | 1 |  1.3
Summonings     | 1 |  1.3
Necromancy     | 1 |  1.3
Translocations | 1 |  1.3
Fire Magic     | 1 |  1.3
Ice Magic      | 1 |  1.3
Air Magic      | 1 |  1.3
Earth Magic    | 1 |  1.3
Evocations     | 1 |  1.7
Dodging        | |  4.9
Stealth        | |  4.5
Poison Magic   | |  5.6

Action                   |  1- 3 |  4- 6 || total
-------------------------+-------+-------++-------
Melee: Dagger            |    48 |    33 ||    81
       Unarmed           |     4 |       ||     4
       Bite              |     2 |     4 ||     6
 Cast: Sting             |    33 |     9 ||    42
  Use: Potion            |       |     2 ||     2
 Stab: Sleeping          |     8 |     2 ||    10
Armor: Robe              |     8 |     4 ||    12
       Skin              |       |    11 ||    11
Dodge: Dodged            |    37 |    25 ||    62
Block: Kite shield       |     6 |    21 ||    27

Table legend: (Time is in decaauts)
 A = Elapsed time spent in this place.
 B = Non-inter-level travel time spent in this place.
 C = Inter-level travel time spent in this place.
 D = Time resting spent in this place.
 E = Time spent auto-exploring this place.
 F = Levels seen in this place.
 G = Mean time per level.
                   A        B        C        D        E       F      G
               +--------+--------+--------+--------+--------+-----+--------+
         Total |   2730 |   2605 |    125 |      0 |   2242 |   4 |  682.5 |
       Dungeon |   2730 |   2605 |    125 |      0 |   2242 |   4 |  682.5 |
               +--------+--------+--------+--------+--------+-----+--------+

Top non-repeatable levels by time:
     D:2: 1371 daAuts
     D:1: 900 daAuts
     D:3: 262 daAuts
     D:4: 195 daAuts
